Map: Stasis LE

Players

Piroxiljin - Winner!

  • Race: Terran Terran
  • Spawn Location: 1:00

VOD

Have the link to the VOD?

Description

Time

  • Played on: Jan. 20, 2019, 5:51 a.m.
  • Length: 63:51
Show
View Real Time Build Order
Export as new Build Order

Piroxiljin Terran - Winner!

Build Orders:  

Get SALT Encoding   

  12  0:01  SCV  
  13  0:19  SCV  
  14  0:31  Supply Depot  
  14  0:37  SCV  
  15  1:01  SCV  
  16  1:11  Barracks  
  16  1:19  SCV  
  17  1:20  Refinery  
  17  1:36  SCV  
  18  1:59  SCV  
  19  2:03  Barracks  
  19  2:23  SCV  
  20  2:31  Supply Depot  
  20  2:36  Barracks Reactor  
  20  2:46  SCV  
  20  2:48  Refinery  
  21  3:06  Orbital Command  
  21  3:11  Barracks Tech Lab  
  21  3:43  Factory, Marine x2  
  21  3:48  SCV  
  24  3:55  Concussive Shells  
  24  4:05  SCV  
  25  4:22  SCV  
  25  4:45  Marauder  
  25  4:47  SCV  
  28  5:15  Marauder  
  30  5:23  Unknown  
  30  5:28  Barracks Tech Lab  
  30  5:32  Engineering Bay  
  30  5:45  SCV, Supply Depot  
  31  6:10  Terran Infantry Weapons Level 1  
  31  6:15  SCV, Marauder, Hellion x2  
  31  6:16  Supply Depot  
  38  6:47  Factory  
  38  6:49  Marine  
  39  7:03  Widow Mine  
  39  7:04  Widow Mine  
  39  7:14  Marine  
  39  7:19  Marauder  
  46  8:13  SCV  
  46  8:19  Command Center  
  47  8:24  Supply Depot  
  47  8:26  Supply Depot  
  47  8:45  Barracks Reactor  
  47  8:54  Marauder, Siege Tank  
  52  9:01  Terran Infantry Armor Level 1  
  52  9:03  SCV  
  49  9:38  Marine  
  49  9:39  Siege Tank  
  47  9:55  Siege Tank  
  47  10:03  Marine  
  48  10:17  Marine x2  
  50  10:24  Siege Tank  
  53  11:27  Missile Turret  
  53  11:32  Orbital Command  
  53  11:48  Supply Depot  
  53  11:51  Supply Depot  
  53  11:55  Supply Depot  
  53  11:58  Supply Depot  
  53  12:05  Refinery  
  53  12:12  Refinery  
  53  12:15  Marine x2  
  53  12:17  Siege Tank  
  58  12:43  SCV  
  58  12:48  SCV  
  60  12:55  Marauder  
  62  13:00  SCV  
  62  13:02  Cyclone  
  62  13:04  SCV  
  62  13:09  Factory  
  67  13:27  Widow Mine  
  67  13:28  Widow Mine  
  71  13:45  Marauder, Marine  
  71  13:46  Marine  
  71  13:47  Cyclone  
  78  14:11  Structure Armor  
  78  14:12  SCV  
  79  14:24  SCV  
  79  14:29  SCV  
  81  14:32  Armory  
  81  14:34  Stimpack  
  81  14:41  SCV  
  81  14:42  Hellion x2  
  81  14:44  Siege Tank  
  81  14:46  Marine  
  81  14:47  Marine  
  91  14:50  Marauder  
  93  15:01  Supply Depot  
  93  15:04  Supply Depot  
  93  15:05  SCV  
  93  15:08  Factory Tech Lab  
  94  15:10  Supply Depot  
  94  15:17  Starport  
  94  15:18  Siege Tank x3  
  94  15:20  Marauder  
  94  15:22  SCV  
  94  15:29  Siege Tank  
  100  15:31  Hi-Sec Auto Tracking  
  100  15:34  Supply Depot  
  98  17:48  Marine x2  
  98  17:49  Marauder  
  102  17:53  Thor  
  108  18:02  Hellbat x2  
  112  18:13  Starport Tech Lab, Marine  
  112  18:19  Marauder  
  115  18:23  Siege Tank  
  118  18:53  Thor  
  124  19:04  Command Center  
  124  19:08  Siege Tank  
  127  19:20  Armory  
  127  19:22  Terran Vehicle Weapons Level 1  
  127  19:53  Thor x2  
  139  20:19  Medivac  
  141  20:32  Starport  
  141  20:33  Siege Tank x3  
  137  20:53  Siege Tank, Thor  
  141  21:01  Medivac  
  136  21:38  Siege Tank  
  136  21:53  Cyclone  
  136  21:54  Siege Tank x5  
  137  22:05  Marauder  
  137  22:06  Marine x2  
  141  22:15  Viking  
  143  22:23  Cyclone  
  146  22:35  Marauder  
  146  22:38  Siege Tank  
  150  23:08  Siege Tank  
  145  23:23  Thor  
  145  24:19  Missile Turret  
  85  24:43  Thor  
  85  24:44  Thor  
  70  25:07  Starport Tech Lab  
  70  25:08  Starport  
  69  25:50  Planetary Fortress  
  69  26:02  Refinery x2  
  69  26:11  Viking  
  71  27:14  Starport Tech Lab  
  71  27:24  Viking  
  71  27:25  Viking  
  75  27:40  SCV  
  75  27:49  Siege Tank x3  
  76  27:51  Siege Tank  
  76  27:57  SCV  
  80  28:01  Terran Vehicle And Ship Armor Level 1  
  80  28:14  SCV  
  81  28:47  Command Center  
  81  28:51  Siege Tank  
  81  28:57  Widow Mine  
  81  28:58  Widow Mine  
  84  29:02  SCV  
  89  29:18  SCV  
  90  29:32  Missile Turret  
  90  29:38  Viking x2  
  94  29:42  Thor  
  100  30:07  SCV  
  101  30:16  Missile Turret  
  101  30:24  SCV  
  101  30:28  SCV  
  103  30:45  SCV  
  104  30:52  SCV  
  105  31:04  Siege Tank, Command Center  
  105  31:09  SCV  
  106  31:20  Starport  
  106  31:25  Thor x2  
  106  31:28  Viking  
  120  31:34  SCV  
  121  31:51  SCV  
  121  31:56  Refinery  
  122  32:01  Refinery  
  122  32:08  SCV  
  119  32:25  SCV  
  89  33:09  Fusion Core  
  87  33:29  Thor x2  
  99  33:34  Raven x2  
  99  33:36  Viking  
  99  33:37  Widow Mine x2  
  109  33:52  Drilling Claws  
  109  34:18  Refinery  
  109  34:20  Refinery, Orbital Command  
  109  34:24  Orbital Command  
  109  34:38  Missile Turret  
  109  34:58  Thor  
  115  35:04  Terran Vehicle Weapons Level 2  
  115  35:06  Terran Vehicle And Ship Armor Level 2  
  115  35:23  Widow Mine x2  
  119  35:40  SCV  
  119  35:45  SCV  
  121  35:57  SCV  
  122  36:02  SCV  
  122  36:07  Thor x2  
  135  36:18  Viking  
  137  37:06  Thor  
  137  37:07  Thor  
  147  37:14  Battlecruiser  
  147  37:16  Unknown  
  105  38:21  SCV  
  106  38:38  SCV  
  107  38:48  Thor  
  111  38:50  Battlecruiser x2  
  111  38:53  Battlecruiser  
  111  38:59  SCV  
  130  39:12  Starport  
  130  39:16  SCV  
  131  39:30  Supply Depot  
  131  39:33  SCV  
  132  39:43  Terran Vehicle And Ship Armor Level 3  
  132  39:45  Terran Ship Weapons Level 1  
  132  39:50  SCV  
  133  40:01  Supply Depot  
  133  40:07  SCV  
  134  40:34  Supply Depot  
  134  40:36  Refinery, Command Center  
  134  40:40  Thor  
  134  40:41  Refinery, Thor  
  146  40:53  Battlecruiser  
  152  41:16  Starport Tech Lab  
  152  41:29  Unknown  
  152  41:32  Supply Depot  
  152  41:34  SCV  
  147  41:51  SCV  
  130  42:08  SCV  
  129  43:03  Thor  
  129  43:04  Thor  
  129  43:05  Battlecruiser x2  
  129  43:06  Battlecruiser  
  131  44:04  Terran Ship Weapons Level 2  
  131  44:06  Terran Vehicle Weapons Level 3  
  125  44:17  Battlecruiser  
  131  44:31  Starport  
  131  44:38  Weapon Refit  
  127  45:05  SCV  
  128  45:22  SCV  
  111  46:42  Battlecruiser x2  
  111  46:43  Battlecruiser  
  111  46:44  Battlecruiser  
  135  47:06  SCV  
  136  47:23  SCV  
  137  47:40  SCV  
  138  48:00  Starport Tech Lab  
  138  48:06  SCV  
  139  48:23  SCV  
  140  48:40  SCV  
  140  48:48  Battlecruiser x3  
  159  48:57  SCV  
  160  49:14  SCV  
  161  49:31  SCV  
  162  49:50  Terran Ship Weapons Level 3  
  162  49:52  Terran Infantry Weapons Level 2  
  155  50:28  Battlecruiser x2  
  155  50:29  Battlecruiser  
  166  51:51  Battlecruiser x2  
  166  51:58  Battlecruiser  
  176  54:02  Battlecruiser x3  
  194  54:26  SCV  
  195  54:43  SCV  
  196  54:59  SCV  
Tags
 
Matchup
Co-op
Add a new tag
Caveats
  • Supply blocks, unpowered buildings, or Contaminate may cause inaccurate times.
  • Supply counts are checked every 10 seconds.